 Dungeon Crawl Stone Soup version 0.24-a0-479-g9a978d2894 (webtiles) character file.

Game seed: 4047147906095162984

485 CandyEater the Digger (level 7, -2/36 HPs)
             Began as a Gargoyle Earth Elementalist on July 6, 2019.
             Slain by an orc priest
             ... wielding a +0 flail
              (10 damage)
             ... on level 4 of the Dungeon.
             The game lasted 00:06:20 (2737 turns).

CandyEater the Digger (Gargoyle Earth Elementalist) Turns: 2737, Time: 00:06:21

Health: -2/36      AC:  6    Str: 11    XL:     7   Next: 13%
Magic:  3/13       EV: 12    Int: 18    God:
Gold:   78         SH:  2    Dex: 10    Spells: 6/15 levels left

rFire    . . .     SeeInvis .   r - +3 short sword (flame)
rCold    . . .     Gourm    .   (no shield)
rNeg     + . .     Faith    .   c - +0 robe
rPois    ∞         Spirit   .   (no helmet)
rElec    +         Reflect  +   (no cloak)
rCorr    .         Harm     .   (no gloves)
MR       +....                  (no boots)
Stlth    ++........             q - +2 amulet of reflection
HPRegen  0.12/turn              k - ring of protection from magic
MPRegen  0.13/turn              (no ring)

@: no status effects
A: negative energy resistance 1, electricity resistance, unbreathing,
petrification resistance, rot immunity, AC +4
a: no special abilities


You were on level 4 of the Dungeon.
You were not hungry.

You visited 1 branch of the dungeon, and saw 4 of its levels.

You collected 78 gold pieces.

Inventory:

Hand Weapons
 a - a +0 dagger
 r - a +3 short sword of flaming (weapon)
Missiles
 b - 75 stones (quivered)
 o - a throwing net
Armour
 c - a +0 robe (worn)
Jewellery
 k - a ring of protection from magic (left hand)
 q - a +2 amulet of reflection (around neck)
Wands
 s - a wand of random effects (20)
Scrolls
 g - 3 scrolls of remove curse
 h - a scroll of fog
 j - a scroll of fear
 l - 2 scrolls of teleportation
Potions
 e - a potion of brilliance {unknown}
 f - a potion of curing
 m - a potion of magic {unknown}
 n - 2 potions of cancellation
 p - a potion of haste {unknown}
Comestibles
 d - 5 rations
 i - 2 chunks of flesh


   Skills:
 - Level 1.5 Dodging
 - Level 2.1 Stealth
 + Level 4.6 Spellcasting
 + Level 3.2 Conjurations
   Level 0.7 Transmutations
 + Level 6.5 Earth Magic


You had 6 spell levels left.
You knew the following spells:

 Your Spells              Type           Power        Failure   Level  Hunger
a - Sandblast             Erth           ####..       1%          1    None
b - Stone Arrow           Conj/Erth      ###...       5%          3    ###....
c - Lee's Rapid Deconstr  Erth           ####......   26%         5    ######.

Your spell library contained the following spells:

 Spells                   Type           Power        Failure   Level  Hunger
 Passwall                 Tmut/Erth      ###.....     4%          2    #......
 Petrify                  Tmut/Erth      ###.....     30%         4    ####...


Dungeon Overview and Level Annotations

Branches:
Dungeon (4/15)
 Temple: D:4-7

Altars:
Xom


Innate Abilities, Weirdness & Mutations

You are resistant to torment.
Your stone body is resilient. (AC +4)
You are immune to poison.
You resist negative energy. (rN+)
You are resistant to electric shocks. (rElec)
You can survive without breathing.
You are immune to petrification.
You are immune to rotting.


Message History

Casting: Sandblast (safe; 1% risk of failure)
Confirm with . or Enter, or press ? or * to list all spells.
Aiming: Sandblast (safe; 1% risk of failure)
Press: ? - help, Shift-Dir - straight line, f/p - orc priest
Aim: an orc priest, wielding a +0 flail and wearing a +0 chain mail (heavily wounded)
The blast of sand misses the orc priest.
b - 76 stones The orc priest invokes the aid of Beogh against you.
Pain shoots through your body!
* * * LOW HITPOINT WARNING * * *
Casting: Sandblast (safe; 1% risk of failure)
Confirm with . or Enter, or press ? or * to list all spells.
Aiming: Sandblast (safe; 1% risk of failure)
Press: ? - help, Shift-Dir - straight line, f/p - orc priest
Aim: an orc priest, wielding a +0 flail and wearing a +0 chain mail (heavily wounded)
The blast of sand hits the orc priest but does no damage.
The orc priest is heavily wounded.
b - 75 stones The orc priest hits you with a +0 flail!
You die...

....# ..# #..###..#.####
###.#### ## ##..###.>....# #
#....# #.# ###.##....
####.## #.# #..####. # #..#
#.# ##....#
#######.########.#########.#
...........................#
#########.######.###########
..# #@# .# #o..# .# ###o# .
..o .. ... #.## .# >


You could see an orc priest, an orc wizard and an orc.

Vanquished Creatures
  Sigmund (D:2)
  A phantom (D:4)
  An ogre (D:2)
  A scorpion (D:2)
  A bullfrog skeleton (D:4)
  3 adders
  A worm (D:4)
  2 dart slugs
  2 leopard geckos
  A ball python (D:2)
  2 giant cockroaches
  4 goblins
  5 hobgoblins
  7 kobolds
  2 quokkas
  A ball python skeleton (D:4)
  5 bats
  6 frilled lizards
  7 rats
53 creatures vanquished.

Notes
Turn   | Place    | Note
-------+----------+-------------------------------------------
     0 | D:1      | CandyEater the Gargoyle Earth Elementalist began the quest
                  | for the Orb.
     0 | D:1      | Reached XP level 1. HP: 10/10 MP: 3/3
   251 | D:1      | Reached skill level 4 in Earth Magic
   251 | D:1      | Reached XP level 2. HP: 15/15 MP: 5/5
   568 | D:2      | Found a faded altar of an unknown god.
   583 | D:2      | Noticed an ogre
   600 | D:2      | Killed an ogre
   600 | D:2      | Reached skill level 5 in Earth Magic
   600 | D:2      | Reached XP level 3. HP: 5/19 MP: 0/7
   600 | D:2      | Reached XP level 4. HP: 7/24 MP: 0/9
   739 | D:2      | Reached XP level 5. HP: 21/28 MP: 7/10
   818 | D:2      | Learned a level 3 spell: Stone Arrow
   824 | D:2      | Learned a level 5 spell: Lee's Rapid Deconstruction
  1255 | D:2      | Noticed Sigmund
  1266 | D:2      | Killed Sigmund
  1266 | D:2      | Reached skill level 6 in Earth Magic
  1266 | D:2      | Reached XP level 6. HP: 20/32 MP: 4/12
  2307 | D:3      | Found a shimmering altar of Xom.
  2542 | D:4      | Noticed a phantom
  2551 | D:4      | Killed a phantom
  2551 | D:4      | Reached XP level 7. HP: 36/36 MP: 8/13
  2737 | D:4      | Slain by an orc priest

Levels and vault maps discovered:
D:1:      lightli_arrival_isolated_outpost, layout_basic
D:2:      layout_basic, first_ration, chequers_ecumenical_altar_island,
          uniq_sigmund
D:3:      layout_basic, xom_butterflies, wad_floor_pattern_untrapped
D:4:      layout_rooms, minmay_temple_entry_gardened_gates, hex_intersection,
          uniq_duvessa

Skill      XL: |  1  2  3  4  5  6 |
---------------+-------------------+-----
Earth Magic    | 4 5 6 |  6.5
Spellcasting   | 3 4 |  4.6
Conjurations   | 2 3 |  3.2
Dodging        | |  1.5
Stealth        | |  2.1
Transmutations | |  0.7

Action                   |  1- 3 |  4- 6 |  7- 9 || total
-------------------------+-------+-------+-------++-------
Melee: Dagger            |    47 |   101 |       ||   148
       Short sword       |       |     4 |    12 ||    16
 Cast: Sandblast         |     8 |    27 |     6 ||    41
       Lee's Rapid Decon |       |       |     1 ||     1
  Use: Scroll            |       |     8 |     1 ||     9
       Potion            |       |     1 |       ||     1
 Stab: Sleeping          |     3 |     2 |     1 ||     6
  Eat: Chunk             |       |     5 |     1 ||     6
Armor: Robe              |    12 |    47 |     5 ||    64
Dodge: Dodged            |    30 |    72 |     7 ||   109
Block: Other             |       |       |     1 ||     1

Table legend:
 A = Non-vault XP
 B = Vault XP
 C = Vault XP percentage of total XP
 D = Non-vault monster count
 E = Vault monster count
 F = Vault count percentage of total count
                 A         B        C        D         E       F
            +---------+---------+-------+---------+---------+-------
      Total |     473 |     220 |  31.7 |      52 |       1 |   1.9
            +---------+---------+-------+---------+---------+-------
        D:1 |      19 |       0 |   0.0 |      11 |       0 |   0.0
        D:2 |     232 |     220 |  48.7 |      21 |       1 |   4.5
        D:3 |      36 |       0 |   0.0 |      13 |       0 |   0.0
        D:4 |     186 |       0 |   0.0 |       7 |       0 |   0.0
            +---------+---------+-------+---------+---------+-------
